 Dungeon Crawl Stone Soup version 0.31.0-4-g52a2dc7128 (webtiles) character file.

Game seed: 5290613190630078797

44 Persephone the Chopper (level 3, -3/23 HPs)
             Began as a Gargoyle Fighter on Jan 22, 2024.
             Slain by a gnoll
             ... wielding a +1 halberd of venom
              (8 damage)
             ... on level 2 of the Dungeon.
             The game lasted 00:02:07 (816 turns).

Persephone the Chopper (Gargoyle Fighter)            Turns: 816, Time: 00:02:07

Health: -3/23      AC: 10    Str: 21    XL:     3   Next: 60%
Magic:  3/3        EV:  9    Int:  8    God:
Gold:   53         SH:  4    Dex:  9    Spells: 2/2 levels left

rFire   . . .        a - +0 war axe
rCold   . . .        c - +0 buckler
rNeg    + . .        b - +0 scale mail
rPois   ∞            (no helmet)
rElec   +            (no cloak)
rCorr   .            (no gloves)
SInv    .            (no boots)
Will    .....        (no amulet) Stlth
                     (no ring)
HPRegen 0.23/turn    (no ring)
MPRegen 0.08/turn

%: no passive effects
@: mighty
A: sickness immunity, AC +3, negative energy resistance 1, electricity
resistance, torment resistance 1, petrification resistance
a: no special abilities


You were on level 2 of the Dungeon.
You visited 1 branch of the dungeon, and saw 2 of its levels.

You collected 53 gold pieces.

Inventory:

Hand Weapons
 a - a +0 war axe (weapon)
Armour
 b - a +0 scale mail (worn)
 c - a +0 buckler (worn)
Jewellery
 j - an amulet of guardian spirit
Scrolls
 g - a scroll of enchant weapon {unknown}
 h - a scroll of fog {unknown}
 i - a scroll of fear {unknown}
Potions
 e - a potion of degeneration {unknown}
 f - a potion of attraction {unknown}


   Skills:
 - Level 3.2 Fighting
 + Level 3.5 Axes
 - Level 3.2 Armour
 - Level 3.2 Shields


You had 2 spell levels left.
You didn't know any spells.
Your spell library was empty.

Dungeon Overview and Level Annotations

Branches:
Dungeon (2/15)

Altars:


Innate Abilities, Weirdness & Mutations

You are immune to sickness and miasma.
Your stone body is resilient. (AC +3)
You are immune to poison.
You resist negative energy. (rN+)
You are resistant to electric shocks. (rElec)
You are resistant to unholy torment.
You are immune to petrification.


Message History

The adder bites you but does no damage. The adder misses you.
You barely miss the adder. The adder closely misses you. The adder bites you.
You slash the adder!
The adder is almost dead.
The adder bites you.
You barely miss the adder.
The adder is almost dead.
The adder bites you but does no damage. The adder barely misses you.
You closely miss the adder.
The adder is almost dead.
The adder bites you but does no damage. The adder bites you.
Lua - Auto Kill stopped.
Not in fighting shape.
You slash the adder!
You kill the adder!
An endoplasm comes into view.
The endoplasm quivers.
You hit the endoplasm.
The endoplasm is lightly wounded.
The endoplasm freezes you.
You are frozen.
You hit the endoplasm.
The endoplasm is almost dead.
The endoplasm jiggles.
The endoplasm hits you but does no damage.
You hit the endoplasm but do no damage.
The endoplasm is almost dead.
The endoplasm closely misses you. The endoplasm freezes you.
You are frozen.
You slash the endoplasm!
You kill the endoplasm!
A gnoll comes into view. It is wielding a +1 halberd of venom.
The gnoll hits you from afar with a +1 halberd of venom!
Lua - Auto Kill stopped.
Not in fighting shape.
You feel very mighty all of a sudden.
The gnoll hits you from afar with a +1 halberd of venom.
* * * LOW HITPOINT WARNING * * *
The gnoll hits you with a +1 halberd of venom!
You die...

##...## .##
....... ...
###.### ..# #
#.# #.### #.#
#.... #.# #.###
#.#####g### #
#......@..# #
#######.#.# #
#...###.# #
#.......#
######...#####
....$....#
####.....#
#####†##########
#..........#


You could see a gnoll.

Vanquished Creatures
  2 adders (D:2)
  A dart slug (D:1)
  3 bats
  2 endoplasms (D:2)
  3 goblins (D:1)
  A hobgoblin (D:1)
  2 jackals (D:2)
  3 ball pythons
  A frilled lizard (D:1)
  3 kobolds
  4 rats
25 creatures vanquished.

Notes
Turn   | Place    | Note
-------+----------+-------------------------------------------
     0 | D:1      | Persephone the Gargoyle Fighter began the quest for the
                  | Orb.
     0 | D:1      | Reached XP level 1. HP: 14/14 MP: 1/1
   247 | D:1      | Reached XP level 2. HP: 19/19 MP: 2/2
   725 | D:2      | Reached XP level 3. HP: 19/23 MP: 3/3
   816 | D:2      | Slain by a gnoll

Illustrated notes

Levels and vault maps discovered:
D:1:      minmay_arrival_four_houses, layout_loops_cross,
          minmay_misc_feat_plants
D:2:      layout_loops_ring, serial_shops, shop, chequers_hall_statues_wall_a,
          nicolae_grassy_gnolls

Skill      XL: |  1  2 |
---------------+-------+-----
Axes           | 2 3 |  3.5
Fighting       | |  3.2
Armour         | |  3.2
Shields        | |  3.2

Action                     || total
---------------------------++-------
  Melee: War axe           ||    84
    Use: Potion            ||     1
 Armour: Scale mail        ||    57
  Dodge: Dodged            ||    46
  Block: Buckler           ||    20
